 Dungeon Sprint DCSS version 0.31-a0-986-g5e6e4ef867 (webtiles) character file.

Game seed: 898146204950939029

2180 rocky1 the Martial Artist (level 9, -10/59 HPs)
             Began as an Octopode Shapeshifter on Nov 14, 2023.
             Was an Initiate of Gozag.
             Mangled by a red ugly thing (14 damage)
             ... in the Dungeon (Sprint IX: "|||||||||||||||||||||||||||||").
             The game lasted 00:01:42 (811 turns).

rocky1 the Martial Artist (Octopode Shapeshifter)    Turns: 811, Time: 00:01:43

Health: -10/59     AC:  1    Str: 16    XL:     9   Next: 33%
Magic:  9/9        EV: 18    Int: 12    God:    Gozag
Gold:   684        SH:  0    Dex: 16    Spells: 8/8 levels left

rFire   . .          .
                       - Unarmed
rCold   . . .        (no shield)
rNeg    . . .        (helmet currently unavailable)
rPois   .            (no amulet)
rElec   .            m - +2 ring of evasion
rCorr   .            n - +3 ring of strength
SInv    .            (no ring)
Will    .....        (no ring)
Stlth   +++++        (no ring)
HPRegen 0.29/turn    (no ring)
MPRegen 0.11/turn    (no ring)
                     (no ring)

%: no teleportation
@: beast-form, gold aura, slowed, very slow
A: beast (slay +4), almost no armour, amphibious, 8 rings, camouflage 1,
gelatinous body 1, (nimble swimmer 1), tentacles
a: Begin Untransformation, Renounce Religion, Potion Petition, Call Merchant,
Bribe Branch


You were in the Dungeon.
You worshipped Gozag.
Gozag was pleased with you.
You were a hulking beast.
You visited 1 branch You collected 684 gold pieces.

Inventory:

Jewellery
 m - a +2 ring of evasion (left tentacle)
 n - a +3 ring of strength (right tentacle)
Talismans
 b - a beast talisman
 c - a flux talisman
Scrolls
 i - 2 scrolls of blinking
 k - 2 scrolls of amnesia
Potions
 a - a potion of lignification
 d - 5 potions of curing
 f - a potion of haste
 g - 4 potions of magic
 h - a potion of berserk rage
 j - a potion of invisibility


   Skills:
 * Level 4.5 Fighting
 + Level 6.5 Dodging
 + Level 7.0 Stealth
 * Level 13.3 Unarmed Combat
 + Level 4.5 Evocations
 * Level 12.0 Shapeshifting


You had 8 spell levels left.
You didn't know any spells.
Your spell library was empty.

Dungeon Overview and Level Annotations

Branches:
Dungeon (1/1)

Altars:
Cheibriados
Dithmenos
Elyvilon
Fedhas
Gozag
Hepliaklqana
Kikubaaqudgha
Makhleb
Nemelex Xobeh
Okawaru
Qazlal
Ru
Sif Muna
Trog
Uskayaw
Vehumet
Wu Jian
Xom
Yredelemnul
Zin
The Shining One
Jiyva
Lugonu


Innate Abilities, Weirdness & Mutations

You are a hulking beast.
Your limbs bulge with bestial killing power. (Slay +4)
You cannot wear most types of armour.
You are amphibious.
You can wear up to eight rings at the same time.
Your skin changes colour to match your surroundings (Stealth+).
Your rubbery body absorbs attacks. (AC +1, EV +1)
((You are camouflaged when in or above water. (Stealth+)))
You have tentacles for arms and can constrict up to eight enemies at once.


Message History

The wraith hits you. The wraith drains your vigour!
You feel yourself slow down.
Aiming: Bolt of Light
Press: ? - help, Q - select action, (/) - cycle Shift-Dir - straight line, f/p - wraith
Aim: a wraith (heavily damaged, 74% to hit)
The bolt of light hits the wraith!!
You destroy the wraith!
The bolt of light hits the red ugly thing!
The red ugly thing is severely wounded.
The bolt of light hits the cyclops!
The cyclops is moderately wounded.
The cyclops is blinded.
The now-empty wand crumbles to dust.
The red ugly thing gurgles horribly!
The red ugly thing is no longer blind.
Something closely misses you. Something hits you.
Deactivating autopickup; reactivate with Ctrl-A.
Unknown command.
You closely miss something.
The red ugly thing is distracted by your dazzling golden aura.
You barely miss something.
The red ugly thing is no longer distracted by gold.
You closely miss something. Your squeeze misses something.
Something misses you. Something hits you!
You bludgeon something! Your squeeze misses something. Something hits you! x2
You batter something!!
Reactivating autopickup.
You feel a bit more experienced.
The cyclops is distracted by your dazzling golden aura.
Your Stealth skill increases to level 7!
Your Unarmed Combat skill increases to level 13!
Your Shapeshifting skill increases to level 12!
You feel much better.
The cyclops is no longer blind.
The cyclops shouts!
The red ugly thing engulfs you!
You are engulfed in flames!!
* * * LOW HITPOINT WARNING * * *
The red ugly thing engulfs you!
* * * LOW HITPOINT WARNING * * *
You are engulfed in flames!
You die...
Your body crumbles into a pile of gold.

▓.▓
▓.▓
▓)▓
▓.▓
▓.▓
▓.▓
▓.▓
▓.▓
▓h▓
▓u▓
▓.▓
▓C▓
▓T▓
▓.▓
▓.▓
▓.▓


You could see a red ugly thing, a cyclops and a troll.

Vanquished Creatures
  A two-headed ogre (D)
  A gargoyle (D)
  An unseen horror (D)
  A komodo dragon (D)
  A shadow (D)
  A wraith (D)
  A wyvern (D)
  A vampire (D)
  A yak (D)
  An iguana (D)
  2 adders (D)
  2 orcs (D)
  A giant cockroach (D)
  A kobold (D)
  A bat (D)
  2 rats (D)
19 creatures vanquished.

Notes
Turn   | Place    | Note
-------+----------+-------------------------------------------
     0 | D        | rocky1 the Octopode Shapeshifter began the quest for the
                  | Orb.
     0 | D        | Reached XP level 1. HP: 13/13 MP: 1/1
   121 | D        | Noticed an iguana
   124 | D        | Reached skill level 4 in Unarmed Combat
   124 | D        | Reached XP level 2. HP: 18/18 MP: 2/2
   128 | D        | Reached skill level 1 in Stealth
   128 | D        | Reached skill level 5 in Unarmed Combat
   128 | D        | Reached XP level 3. HP: 20/23 MP: 3/3
   134 | D        | Reached skill level 5 in Shapeshifting
   505 | D        | Found a snail-covered altar of Cheibriados.
   505 | D        | Found a shadowy altar of Dithmenos.
   505 | D        | Found a white marble altar of Elyvilon.
   505 | D        | Found a blossoming altar of Fedhas.
   505 | D        | Found an opulent altar of Gozag.
   506 | D        | Found a hazy altar of Hepliaklqana.
   507 | D        | Found a viscous altar of Jiyva.
   508 | D        | Found an ancient bone altar of Kikubaaqudgha.
   509 | D        | Found a corrupted altar of Lugonu.
   510 | D        | Found a burning altar of Makhleb.
   511 | D        | Found a sparkling altar of Nemelex Xobeh.
   512 | D        | Found an iron altar of Okawaru.
   513 | D        | Became a worshipper of Gozag Ym Sagoz the Greedy
   514 | D        | Found a stormy altar of Qazlal.
   515 | D        | Found a sacrificial altar of Ru.
   516 | D        | Found a shimmering blue altar of Sif Muna.
   517 | D        | Found a bloodstained altar of Trog.
   518 | D        | Found a hide-covered altar of Uskayaw.
   519 | D        | Found a radiant altar of Vehumet.
   520 | D        | Found an ornate altar of the Wu Jian Council.
   521 | D        | Found a shimmering altar of Xom.
   522 | D        | Found a basalt altar of Yredelemnul.
   523 | D        | Found a glowing silver altar of Zin.
   524 | D        | Found a glowing golden altar of the Shining One.
   560 | D        | Noticed a gargoyle
   560 | D        | Noticed a vampire
   560 | D        | Noticed a shadow
   560 | D        | Noticed a wyvern
   560 | D        | Noticed a yak
   560 | D        | Noticed a komodo dragon
   565 | D        | Killed a wyvern
   566 | D        | Reached skill level 8 in Unarmed Combat
   566 | D        | Reached skill level 1 in Evocations
   566 | D        | Reached XP level 4. HP: 7/29 MP: 4/4
   566 | D        | Reached XP level 5. HP: 8/34 MP: 5/5
   567 | D        | Killed a shadow
   568 | D        | Reached skill level 9 in Unarmed Combat
   568 | D        | Reached XP level 6. HP: 39/39 MP: 6/6
   569 | D        | Killed a gargoyle
   569 | D        | Killed a yak
   570 | D        | Reached skill level 5 in Dodging
   570 | D        | Reached skill level 5 in Stealth
   570 | D        | Reached skill level 10 in Unarmed Combat
   570 | D        | Reached skill level 10 in Shapeshifting
   570 | D        | Reached XP level 7. HP: 45/45 MP: 7/7
   571 | D        | Killed a vampire
   572 | D        | Reached skill level 11 in Unarmed Combat
   572 | D        | Reached XP level 8. HP: 51/51 MP: 8/8
   577 | D        | Killed a komodo dragon
   796 | D        | Noticed a two-headed ogre
   796 | D        | Noticed a wraith
   796 | D        | Noticed a red ugly thing
   796 | D        | Noticed a cyclops
   796 | D        | Noticed a troll
   803 | D        | Killed a two-headed ogre
   804 | D        | Reached skill level 12 in Unarmed Combat
   804 | D        | Reached XP level 9. HP: 58/58 MP: 9/9
   810 | D        | Killed an unseen horror
   811 | D        | Reached skill level 13 in Unarmed Combat
   811 | D        | Mangled by a red ugly thing

Illustrated notes

Levels and vault maps discovered:
D:        linesprint [early_d, line_temple, items_1, d_10, items_2, lair_1,
          lair_end, items_3, orc_1, orc_end, items_4, d_15, swamp_1, shoals_1,
          snake_1, spider_1, d_20, vaults_1, items_5, swamp_end, shoals_end,
          snake_end, spider_end, vaults_end, d_27, items_6, zot_1, zot_end,
          crypt_end, forest_end, elf_end, slime_end, tomb_end, abyss_end,
          pan_hell_end]

Skill      XL: |  1  2  3  4  5  6  7  8  9 |
---------------+----------------------------+-----
Unarmed Combat | 4 5 8 9 10 11 12 13 | 13.3
Shapeshifting  | 4 7 8 10 11 12 | 12.0
Stealth        | 1 3 4 5 6 7 |  7.0
Dodging        | 3 4 5 6 |  6.5
Evocations     | 1 2 3 4 |  4.5
Fighting       | 2 4 |  4.5

Action                     |  1- 3 |  4- 6 |  7- 9 || total
---------------------------+-------+-------+-------++-------
  Melee: Unarmed           |    21 |       |    16 ||    37
         Constrict         |     6 |       |       ||     6
         Tentacles         |     5 |       |     3 ||     8
         Punch             |       |       |     1 ||     1
  Evoke: Wand              |     4 |     3 |     3 ||    10
    Use: Potion            |     1 |     1 |     1 ||     3
   Stab: Sleeping          |     1 |       |       ||     1
 Armour: Skin              |    10 |       |     7 ||    17
  Dodge: Dodged            |     8 |     3 |    11 ||    22

Table legend: (Time is in decaauts)
 A = Elapsed time spent in this place.
 B = Non-inter-level travel time spent in this place.
 C = Inter-level travel time spent in this place.
 D = Time resting spent in this place.
 E = Time spent auto-exploring this place.
 F = Levels seen in this place.
 G = Mean time per level.
                   A        B        C        D        E       F      G
               +--------+--------+--------+--------+--------+-----+--------+
         Total |    807 |    807 |      0 |    667 |      0 |   1 |  807.0 |
       Dungeon |    807 |    807 |      0 |    667 |      0 |   1 |  807.0 |
               +--------+--------+--------+--------+--------+-----+--------+

Top non-repeatable levels by time:
       D: 807 daAuts
